 Dungeon Crawl Stone Soup version 0.24.1-5-g77f818bfca (webtiles) character file.

Game seed: 6925331936339186880, levelgen mode: deterministic

98 raph the Changer (level 4, -1/32 HPs)
             Began as a Merfolk Transmuter on Apr 25, 2020.
             Was an Initiate of Okawaru.
             Slain by a kobold
             ... wielding a +0 dagger
              (2 damage)
             ... on level 3 of the Dungeon.
             The game lasted 00:08:07 (4097 turns).

raph the Changer (Merfolk Transmuter)               Turns: 4097, Time: 00:08:08

Health: -1/32      AC:  2    Str: 15    XL:     4   Next: 69%
Magic:  7/7        EV: 13    Int: 18    God:    Okawaru [......]
Gold:   100        SH:  0    Dex: 14    Spells: 4/7 levels left

rFire    . . .     SeeInvis .     - Unarmed
rCold    . . .     Gourm    .   (no shield)
rNeg     . . .     Faith    .   b - +0 robe
rPois    .         Spirit   .   (no helmet)
rElec    .         Reflect  .   (no cloak)
rCorr    .         Harm     .   (no gloves)
MR       .....                  (no boots)
Stlth    +.........             (no amulet)
HPRegen  0.10/turn              p - +5 ring of intelligence
MPRegen  0.10/turn              (no ring)

@: mighty, appendage (expiring)
A: change form in water, swift swim, stealthy swim, horns 2
a: End Transformation, Renounce Religion


You were on level 3 of the Dungeon.
You worshipped Okawaru.
Okawaru was noncommittal.
You were not hungry.
You had grown temporary horns.
You visited 1 branch of the dungeon, and saw 3 of its levels.

You collected 100 gold pieces.

Inventory:

Missiles
 a - 39 arrows
 f - 39 poisoned darts (quivered)
Armour
 b - a +0 robe (worn)
Jewellery
 p - a +5 ring of intelligence (left hand)
Wands
 o - a wand of polymorph (8)
Scrolls
 c - a scroll of noise {unknown}
 e - a scroll of remove curse {unknown}
 h - a scroll of enchant armour {unknown}
 j - 4 scrolls of identify {unknown}
 l - 4 scrolls of teleportation {unknown}
 m - a scroll of fear {unknown}
Potions
 i - a potion of degeneration {unknown}
 k - 2 potions of haste {unknown}
 n - 2 potions of ambrosia {unknown}
Comestibles
 d - 11 rations
 q - 3 chunks of flesh


   Skills:
 - Level 1.2 Fighting
 - Level 2.7 Dodging
 + Level 4.2 Unarmed Combat
 - Level 2.0 Spellcasting
 * Level 5.2 Transmutations


You had 4 spell levels left.
You knew the following spells:

 Your Spells              Type           Power        Failure   Level  Hunger
a - Beastly Appendage     Tmut           ###...       1%          1    #......
b - Sticks to Snakes      Tmut           ###.....     3%          2    ###....

Your spell library contained the following spells:

 Spells                   Type           Power        Failure   Level  Hunger
 Spider Form              Tmut/Pois      ##........   19%         3    ###....
 Ice Form                 Ice/Tmut       ##......     52%         4    #####..
 Blade Hands              Tmut           ###.......   50%         5    ######.


Dungeon Overview and Level Annotations

Branches:
Dungeon (3/15)

Altars:
Cheibriados
Fedhas
Okawaru
Qazlal
Ru
Trog
Zin


Innate Abilities, Weirdness & Mutations

You revert to your normal form in water.
You are very nimble and swift while swimming.
You are very stealthy in the water. (Stealth+)
You have a pair of horns on your head.


Message History

You are too injured to fight recklessly!
You barely miss the kobold. The kobold closely misses you.
The kobold closely misses you.
You hit the kobold but do no damage. Your headbutt misses the kobold.
The kobold hits you with a +0 dagger. The kobold hits you with a +0 dagger.
* * * LOW HITPOINT WARNING * * *
The kobold hits you but does no damage.
The kobold rages.
The kobold hits you with a +0 dagger.
* * * LOW HITPOINT WARNING * * *
The kobold hits you with a +0 dagger.
* * * LOW HITPOINT WARNING * * *
It was a potion of might.
You feel very mighty all of a sudden. The kobold misses you.
Your transformation is almost over.
The kobold hits you but does no damage.
The kobold is no longer berserk.
The kobold hits you with a +0 dagger.
You die...

########.........##.....
#............###.##.....
#............# #.##(....
###............# #........
#......#.....### ###......
#......#.##### #.#'###
#......#.# #.#.#
#......#.###########.#.###
#......#>@K...........<...
#.........................
#......############......#
#......#......#####'######
#......#......##.........#
###............).........#
#####........#.........#
#............#.........#
#.###........#.........#


You could see a kobold.

Vanquished Creatures
  2 adders (D:2)
  An ooze (D:2)
  2 worms (D:2)
  A dart slug (D:1)
  2 leopard geckos (D:1)
  3 orcs (D:3)
  8 bats
  4 giant cockroaches
  4 hobgoblins
  5 jackals
  7 kobolds
  A quokka (D:2)
  A ball python (D:1)
  7 frilled lizards
  7 goblins
  A jackal zombie (D:2)
  6 rats
62 creatures vanquished.

Notes
Turn   | Place    | Note
-------+----------+-------------------------------------------
     0 | D:1      | raph the Merfolk Transmuter began the quest for the Orb.
     0 | D:1      | Reached XP level 1. HP: 15/15 MP: 3/3
   413 | D:1      | Reached skill level 3 in Transmutations
   414 | D:1      | Reached XP level 2. HP: 21/21 MP: 3/5
   662 | D:1      | Learned a level 2 spell: Sticks to Snakes
   871 | D:1      | Reached XP level 3. HP: 8/26 MP: 3/6
  1149 | D:1      | Reached skill level 4 in Transmutations
  1796 | D:2      | Found a blossoming altar of Fedhas.
  1850 | D:2      | Found a glowing silver altar of Zin.
  2062 | D:2      | Reached XP level 4. HP: 31/32 MP: 5/7
  2079 | D:2      | Found a sacrificial altar of Ru.
  2083 | D:2      | Found a snail-covered altar of Cheibriados.
  2230 | D:2      | Found a bloodstained altar of Trog.
  2259 | D:2      | Found a stormy altar of Qazlal.
  2441 | D:2      | Reached skill level 5 in Transmutations
  3906 | D:3      | Found an iron altar of Okawaru.
  3916 | D:3      | Became a worshipper of Warmaster Okawaru
  4059 | D:3      | Noticed a bullfrog
  4093 | D:3      | HP: 1/32 [kobold/+0 dagger (6)]
  4097 | D:3      | Slain by a kobold

Levels and vault maps discovered:
D:1:      minmay_arrival_four_loops, layout_basic
D:2:      layout_loops_ring, grunt_temple_overflow_forces_of_nature, minitemple,
          zin_academy, first_ration, serial_forest,
          infiniplex_forest_clump_diagonal, infiniplex_forest_end_3,
          infiniplex_forest_clump_small, infiniplex_forest_straight_4,
          infiniplex_forest_corner_1, infiniplex_forest_clump_tiny,
          infiniplex_forest_lined_ring, infiniplex_forest_clump_double,
          roderic_serpentine_path
D:3:      layout_basic, okawaru_metal_pillars_1_2

Skill      XL: |  1  2  3  4 |
---------------+-------------+-----
Transmutations | 3 4 5 |  5.2
Unarmed Combat | 4 |  4.2
Fighting       | |  1.2
Dodging        | |  2.7
Spellcasting   | |  2.0

Action                   |  1- 3 |  4- 6 || total
-------------------------+-------+-------++-------
Melee: Unarmed           |   105 |   103 ||   208
       Headbutt          |     8 |    15 ||    23
       Punch             |       |     1 ||     1
Throw: Dart              |     1 |     4 ||     5
 Cast: Beastly Appendage |    20 |    17 ||    37
       Sticks to Snakes  |     1 |       ||     1
  Use: Potion            |       |     1 ||     1
  Eat: Chunk             |     4 |     7 ||    11
Armor: Robe              |    12 |    13 ||    25
Dodge: Dodged            |    66 |    69 ||   135
